 Dungeon Sprint DCSS version 0.30-a0-272-gf98c3da03f (webtiles) character file.

Game seed: 1092864383271927695

167 rocky1 the Carver (level 5, 0/40 HPs)
             Began as a Merfolk Gladiator on Oct 16, 2022.
             Killed from afar by a deep elf pyromancer (23 damage)
             ... with a bolt of fire
             ... in the Dungeon (Sprint III: "The Ten Rune Challenge").
             The game lasted 00:02:46 (483 turns).

rocky1 the Carver (Merfolk Gladiator)                Turns: 483, Time: 00:02:46

Health: 0/40       AC:  5    Str: 14    XL:     5   Next: 48%
Magic:  6/6        EV: 13    Int: 10    God:
Gold:   24         SH:  0    Dex: 15    Spells: 6/6 levels left

rFire   . . .      SeeInvis .    a - +0 long sword
rCold   . . .      Faith    .    (no shield)
rNeg    . . .      Spirit   .    b - +0 leather armour
rPois   .          Reflect  .    c - +0 helmet
rElec   .          Harm     .    e - +0 cloak
rCorr   .          Rampage  .    (no gloves)
Will    .....      NoTele   +    (no boots)
Stlth   +.........               (no amulet)
HPRegen 0.26/turn                (no ring)
MPRegen 0.10/turn                (no ring)

@: hasted, very quick
A: (nimble swimmer 2), mertail
a: no special abilities


You were in the Dungeon.
You visited 1 branch You collected 24 gold pieces.

Inventory:

Hand Weapons
 a - a +0 long sword (weapon)
Missiles
 d - 3 throwing nets (quivered)
 n - a javelin
Armour
 b - a +0 leather armour (worn)
 c - a +0 helmet (worn)
 e - a +0 cloak (worn)
Scrolls
 k - a scroll of blinking
 l - 4 scrolls of identify
 m - 2 scrolls of vulnerability {unknown}
 o - a scroll of immolation {unknown}
 q - a scroll of poison {unknown}
Potions
 f - a potion of curing
 g - a potion of heal wounds
 i - 2 potions of magic
 p - 2 potions of brilliance {unknown}
 r - 2 potions of flight
 s - 4 potions of mutation


   Skills:
 + Level 2.9 Fighting
 + Level 12.4 Long Blades
 - Level 2.0 Throwing
 + Level 1.0 Armour
 + Level 4.6 Dodging
 + Level 1.2 Spellcasting


You had 6 spell levels left.
You didn't know any spells.
Your spell library was empty.

Dungeon Overview and Level Annotations

Branches:
Dungeon (1/1)

Altars:
Elyvilon
Zin
The Shining One


Innate Abilities, Weirdness & Mutations

((You are very nimble when in or above water. (Stealth+, EV+, Speed+++)))
Your lower body shifts to a powerful aquatic tail in water.


Message History

The jelly hits you.
You are splashed with acid!
You slash the jelly!
Your hands burn!
The jelly is almost dead.
The jelly closely misses you.
You hit the jelly.
You kill the jelly!
Your Armour skill increases to level 1!
Your Spellcasting skill increases to level 1!
Unknown command.
You start resting.
Magic restored.
You start resting.
HP restored.
You close the door.
You feel yourself speed up.
You open the door.
A deep elf pyromancer comes into view.
It is wielding a +2 long sword of holy wrath.
The deep elf pyromancer shouts!
Found a potion of curing.
Found three altars.
The deep elf pyromancer gestures wildly while chanting.
The deep elf pyromancer blinks!
There is an open door here.
You hit the deep elf pyromancer.
The deep elf pyromancer is lightly wounded.
You slash the deep elf pyromancer!
The deep elf pyromancer is moderately wounded.
The deep elf pyromancer hits you with a +2 long sword of holy wrath!
You slash the deep elf pyromancer!
The deep elf pyromancer is heavily wounded.
You barely miss the deep elf pyromancer.
The deep elf pyromancer is heavily wounded.
The deep elf pyromancer hits you with a +2 long sword of holy wrath.
You slash the deep elf pyromancer!
The deep elf pyromancer is almost dead.
You hit the deep elf pyromancer.
The deep elf pyromancer is almost dead.
The deep elf pyromancer gestures at you while chanting.
The bolt of fire hits you!!
Ouch! That really hurt!
You die...

▓▓▓▓▓▓ ▓▓▓ .'...♣♣♣♣
♣.##### .#......♣
♣♣.#___# ##...)♣.♣
♣..#!.e# .#....~♣♣
♣..###@#+###+##
.#...~~♣♣♣♣..#..........#
.#..~~~~♣..♣.'.⌠........#
'#..~≈≈~~~♣♣.#...######+#
†#.~~≈~~~....#.⌠.# ..#
.#.~≈~~~.....#...# ...#
.#.~~~.......#+### #...#
##....÷......# #...+
.............# +...#


You could see a deep elf pyromancer.

Vanquished Creatures
  A water elemental (D)
  A jelly (D)
  Jessica (D)
  Crazy Yiuf (D)
  A human (D)
  An endoplasm (D)
  2 rats (D)
8 creatures vanquished.

Notes
Turn   | Place    | Note
-------+----------+-------------------------------------------
     0 | D        | rocky1 the Merfolk Gladiator began the quest for the Orb.
     0 | D        | Reached XP level 1. HP: 16/16 MP: 1/1
     5 | D        | Reached skill level 4 in Long Blades
    15 | D        | Noticed Jessica
    19 | D        | Killed Jessica
    20 | D        | Reached skill level 8 in Long Blades
    20 | D        | Reached XP level 2. HP: 17/22 MP: 2/2
    20 | D        | Reached XP level 3. HP: 21/27 MP: 3/3
    77 | D        | Reached skill level 9 in Long Blades
   148 | D        | Noticed Crazy Yiuf
   156 | D        | Killed Crazy Yiuf
   157 | D        | Reached skill level 10 in Long Blades
   157 | D        | Reached XP level 4. HP: 31/33 MP: 4/4
   208 | D        | Noticed a water elemental
   215 | D        | Killed a water elemental
   216 | D        | Reached skill level 12 in Long Blades
   216 | D        | Reached XP level 5. HP: 38/38 MP: 5/5
   384 | D        | Reached skill level 1 in Armour
   384 | D        | Reached skill level 1 in Spellcasting
   476 | D        | Found a glowing silver altar of Zin.
   476 | D        | Found a glowing golden altar of the Shining One.
   476 | D        | Found a white marble altar of Elyvilon.
   476 | D        | Noticed a deep elf pyromancer
   483 | D        | Killed from afar by a deep elf pyromancer

Illustrated notes

Levels and vault maps discovered:
D:        dungeon_sprint_mu [sprint_mu_entry_forest, sprint_mu_temple_rooms,
          sprint_mu_d1_spiders, sprint_mu_d2_genie, sprint_mu_d3_branching,
          sprint_mu_orc_legion, sprint_mu_elf_gauntlet, sprint_mu_hive_nellie,
          sprint_mu_lair_fedhas, sprint_mu_vaults_butterflies,
          sprint_mu_slime_circle, sprint_mu_shoals_archi,
          sprint_mu_snake_twists, sprint_mu_blade_basic,
          sprint_mu_crypt_chambers, sprint_mu_tomb_spiral,
          sprint_mu_vestibule_basic, sprint_mu_gehenna_hellfire,
          sprint_mu_dis_giant, sprint_mu_tartarus_statrot,
          sprint_mu_cocytus_islands, sprint_mu_zot1]

Skill      XL: |  1  2  3  4  5 |
---------------+----------------+-----
Long Blades    | 8 10 12 | 12.4
Armour         | 1 |  1.0
Spellcasting   | 1 |  1.2
Fighting       | |  2.9
Throwing       | |  2.0
Dodging        | |  4.6

Action                   |  1- 3 |  4- 6 || total
-------------------------+-------+-------++-------
Melee: Long sword        |    25 |    16 ||    41
       Tailslap          |     2 |       ||     2
       Punch             |     1 |       ||     1
Throw: Javelin           |     1 |       ||     1
  Use: Potion            |       |     2 ||     2
Armor: Leather armour    |     4 |     1 ||     5
Dodge: Dodged            |    15 |     3 ||    18

Table legend: (Time is in decaauts)
 A = Elapsed time spent in this place.
 B = Non-inter-level travel time spent in this place.
 C = Inter-level travel time spent in this place.
 D = Time resting spent in this place.
 E = Time spent auto-exploring this place.
 F = Levels seen in this place.
 G = Mean time per level.
                   A        B        C        D        E       F      G
               +--------+--------+--------+--------+--------+-----+--------+
         Total |    481 |    481 |      0 |    311 |      0 |   1 |  481.0 |
       Dungeon |    481 |    481 |      0 |    311 |      0 |   1 |  481.0 |
               +--------+--------+--------+--------+--------+-----+--------+

Top non-repeatable levels by time:
       D: 481 daAuts
